 Dungeon Sprint DCSS version 0.32-a0-720-g1d96ad090f (webtiles) character file.

Game seed: 269854955798614593

168 Conn the Firebug (level 5, -1/46 HPs)
             Began as an Octopode Fire Elementalist on Mar 16, 2024.
             Slain by a scorpion (5 damage)
             ... in the Dungeon (Sprint II: "The Violet Keep of Menkaure").
             The game lasted 00:00:33 (21 turns).

Conn the Firebug (Octopode Fire Elementalist)         Turns: 21, Time: 00:00:34

Health: -1/46      AC:  1    Str:  7    XL:     5   Next: 49%
Magic:  1/12       EV: 13    Int: 20    God:
Gold:   0          SH:  0    Dex: 12    Spells: 13/14 levels left

rFire   . . .        (no weapon)
rCold   . . .        (no shield)
rNeg    . . .        (helmet restricted)
rPois   .            (no amulet)
rElec   .            (no ring)
rCorr   .            (no ring)
SInv    .            (no ring)
Will    .....        (no ring) Stlth
                     (no ring)
HPRegen 0.27/turn    (no ring)
MPRegen 0.13/turn    (no ring)
                     (no ring)

%: no teleportation
@: berserking (expiring), hasted, very quick
A: almost no armour, amphibious, 8 rings, camouflage 1, gelatinous body 1,
(nimble swimmer 1), tentacles
a: no special abilities


You were in the Dungeon.
You visited 1 branch

Inventory:

Scrolls
 f - a scroll of blinking
Potions
 a - 3 potions of magic
 b - a potion of curing
 c - a potion of heal wounds


   Skills:
 + Level 4.3 Dodging
 - Level 5.0 Stealth
 - Level 0.2 Unarmed Combat
 * Level 5.3 Spellcasting
 * Level 4.4 Conjurations
 + Level 6.9 Fire Magic


You had 13 spell levels left.
You knew the following spells:

 Your Spells              Type           Power      Damage    Failure   Level
a - Foxfire               Conj/Fire      100%       2x1d9     1%          1

Your spell library contained the following spells:

 Spells                   Type           Power      Damage    Failure   Level
 Scorch                   Fire           66%        2d7       1%          2
 Inner Flame              Hex/Fire       19%        N/A       9%          3
 Volatile Blastmotes      Fire/Tloc      38%        2d13      9%          3
 Flame Wave               Conj/Fire      28%        2d9       11%         4


Dungeon Overview and Level Annotations

Branches:
Dungeon (1/1)

Altars:


Innate Abilities, Weirdness & Mutations

You cannot wear most types of armour.
You are amphibious.
You can wear up to eight rings at the same time.
Your skin changes colour to match your surroundings (Stealth+).
Your rubbery body absorbs attacks. (AC +1, EV +1)
((You are camouflaged when in or above water. (Stealth+)))
You have tentacles for arms and can constrict up to eight enemies at once.


Message History

Unknown command.
You tentacle-slap the scorpion but do no damage.
You constrict the scorpion.
You feel sick.
You tentacle-slap the scorpion. You squeeze the scorpion.
The scorpion is heavily wounded.
You constrict the scorpion. The scorpion misses you.
Unknown command.
You tentacle-slap the scorpion. You squeeze the scorpion.
You kill the scorpion!
You feel sick.
Your magical contamination has completely faded away.
Your Dodging skill increases to level 4!
Your Spellcasting skill increases to level 5!
Your Conjurations skill increases to level 4!
You have reached level 5!
You feel clever.
You closely miss the scorpion. Your grab misses the scorpion.
You squeeze the scorpion!
The scorpion is heavily wounded.
You feel sick. The scorpion barely misses you.
You tentacle-slap the scorpion. Your grab misses the scorpion.
The scorpion is heavily wounded.
The scorpion closely misses you.
Unknown command.
You closely miss the scorpion. Your grab misses the scorpion.
Your squeeze misses the scorpion.
The scorpion is heavily wounded.
You feel sick. The scorpion stings you!
* * * LOW HITPOINT WARNING * * *
Unknown command.
You tentacle-slap the scorpion. You grab the scorpion.
The scorpion is severely wounded.
You constrict the scorpion, but do no damage.
You feel sick.
You completely miss the scorpion.
The scorpion is severely wounded.
You constrict the scorpion.
You feel sick.
You are no longer poisoned.
The scorpion stings you.
You die...

# #+# .#
##.##..#
+.<@s#
##.##..#
#+# .# #


You could see a scorpion.

Vanquished Creatures
  3 scorpions (D)
3 creatures vanquished.

Vanquished Creatures (others)
  3 foxfires (D)
3 creatures vanquished.

Grand Total: 6 creatures vanquished

Notes
Turn   | Place    | Note
-------+----------+-------------------------------------------
     0 | D        | Conn the Octopode Fire Elementalist began the quest for the
                  | Orb.
     0 | D        | Reached XP level 1. HP: 11/11 MP: 3/3
     2 | D        | Noticed a scorpion
     2 | D        | Noticed a scorpion
     2 | D        | Noticed a scorpion
     2 | D        | Noticed a scorpion
     9 | D        | Killed a scorpion
    10 | D        | Reached skill level 6 in Fire Magic
    10 | D        | Reached XP level 2. HP: 17/17 MP: 0/6
    10 | D        | Reached XP level 3. HP: 21/21 MP: 0/8
    10 | D        | Reached XP level 4. HP: 27/27 MP: 0/9
    12 | D        | Killed a scorpion
    13 | D        | Reached skill level 5 in Stealth
    16 | D        | Killed a scorpion
    17 | D        | Reached skill level 5 in Spellcasting
    17 | D        | Reached XP level 5. HP: 14/31 MP: 0/12
    21 | D        | Slain by a scorpion

Illustrated notes

Levels and vault maps discovered:
D:        the_violet_keep_of_menkaure [sprint2_stairs_cluster_1,
          sprint2_shoproom, sprint2_temple, sprint2_basic_supplies,
          sprint2_obstacle_1, sprint2_obstacle_6, sprint2_obstacle_4,
          sprint2_obstacle_3, sprint2_obstacle_2, sprint2_timed_cluster_1,
          sprint2_smallroom_cluster_1, sprint2_smallroom_final_cluster_1,
          sprint2_transparent_cluster_1, sprint2_second_timed_cluster_1,
          sprint2_sniper_area_1, sprint2_heavy_combat_area_1,
          sprint2_mutation_trap_area_1, sprint2_forest_area_1,
          sprint2_light_combat_area_1, sprint2_behind_water_1,
          sprint2_near_end_vault_1]

Skill      XL: |  1  2  3  4 |
---------------+-------------+-----
Dodging        | 3 4 |  4.3
Stealth        | 4 5 |  5.0
Spellcasting   | 3 5 |  5.3
Fire Magic     | 6 |  6.9
Conjurations   | 4 |  4.4
Unarmed Combat | |  0.2

Action                     |  1- 3 |  4- 6 || total
---------------------------+-------+-------++-------
  Melee: Unarmed           |     2 |    11 ||    13
         Tentacles         |     1 |     4 ||     5
         Constrict         |     1 |     3 ||     4
   Cast: Foxfire           |     2 |       ||     2
    Use: Potion            |     2 |       ||     2
 Armour: Skin              |     1 |     6 ||     7
  Dodge: Dodged            |     1 |     4 ||     5

Table legend: (Time is in decaauts)
 A = Elapsed time spent in this place.
 B = Non-inter-level travel time spent in this place.
 C = Inter-level travel time spent in this place.
 D = Time resting spent in this place.
 E = Time spent auto-exploring this place.
 F = Levels seen in this place.
 G = Mean time per level.
                   A        B        C        D        E       F      G
               +--------+--------+--------+--------+--------+-----+--------+
         Total |     14 |     14 |      0 |      0 |      0 |   1 |   14.0 |
       Dungeon |     14 |     14 |      0 |      0 |      0 |   1 |   14.0 |
               +--------+--------+--------+--------+--------+-----+--------+

Top non-repeatable levels by time:
       D: 14 daAuts
